[ AOE2 MATCH · #467030232 ]
UnrankedVietnamese vs Britons
[ REPLAY ANALYSIS · EXTRACTED FROM THE RECORDED GAME ]
Feudal
—
Castle
—
Imperial
—
| APM avg | 25.2 |
| APM peak | 103 |
| eAPM avg | 22.2 |
| Villagers / military | 122 / 543 |
Focus
⚔️ 55.2% · 🌾 44.8%
Skirmisher ×164 · Archer ×161 · Battle Elephant ×132 · Rattan Archer ×77 · Trade Cart ×54 · Trebuchet (Packed) ×8
Feudal
—
Castle
—
Imperial
—
| APM avg | 0.3 |
| APM peak | 12 |
| eAPM avg | 0.3 |
| Villagers / military | 5 / 0 |
Focus
⚔️ 0.0% · 🌾 100.0%
Feudal
—
Castle
—
Imperial
—
| APM avg | 10.9 |
| APM peak | 30 |
| eAPM avg | 9.6 |
| Villagers / military | 129 / 364 |
Focus
⚔️ 36.2% · 🌾 63.8%
Genoese Crossbowman ×163 · Scout Cavalry ×140 · Trade Cart ×63 · Bombard Cannon ×31 · Hand Cannoneer ×25 · Mangonel ×5
Feudal
—
Castle
—
Imperial
—
| APM avg | 20.7 |
| APM peak | 113 |
| eAPM avg | 13.8 |
| Villagers / military | 164 / 224 |
Focus
⚔️ 35.0% · 🌾 65.0%
Battle Elephant ×166 · Ballista Elephant ×31 · Scout Cavalry ×26 · Monk ×1
Feudal
—
Castle
—
Imperial
—
| APM avg | 12.4 |
| APM peak | 58 |
| eAPM avg | 11.1 |
| Villagers / military | 227 / 181 |
Focus
⚔️ 25.3% · 🌾 74.7%
Skirmisher ×68 · Camel Scout ×42 · Archer ×36 · Trade Cart ×26 · Spearman ×23 · Mangonel ×4
Feudal
—
Castle
—
Imperial
—
| APM avg | 23.7 |
| APM peak | 73 |
| eAPM avg | 15.8 |
| Villagers / military | 104 / 313 |
Focus
⚔️ 48.8% · 🌾 51.2%
Knight ×144 · Conquistador ×135 · Bombard Cannon ×17 · Trade Cart ×11 · Missionary ×7 · Battering Ram ×6
Feudal
—
Castle
—
Imperial
—
| APM avg | 15.6 |
| APM peak | 53 |
| eAPM avg | 14.6 |
| Villagers / military | 222 / 571 |
Focus
⚔️ 40.4% · 🌾 59.6%
Skirmisher ×270 · Hand Cannoneer ×143 · Camel Scout ×122 · Trade Cart ×35 · Scout Cavalry ×25 · Ghulam ×5
Feudal
—
Castle
—
Imperial
—
| APM avg | 18.2 |
| APM peak | 51 |
| eAPM avg | 14.1 |
| Villagers / military | 71 / 836 |
Focus
⚔️ 43.3% · 🌾 56.7%
Spearman ×371 · Skirmisher ×238 · Cavalry Archer ×103 · Samurai ×100 · Trebuchet (Packed) ×18 · Trade Cart ×14
Match map
Initial resources + every placement click. Lines = walls · curves = elevation contours. ◆ gold · ⬟ stone · ● berries · ✦ relic · ◌ wall gap
Inputs per minute
— wisimax - - TrueCrime
Build order — wisimax
First 150 of 930 actions detected
| 0:02 | Research | Loom |
| 0:08 | Build | House |
| 0:30 | Build | Palisade Wall |
| 0:37 | Create | Villager (Male) |
| 0:37 | Create | Villager (Male) |
| 0:37 | Create | Villager (Male) |
| 0:38 | Create | Villager (Male) |
| 1:12 | Build | Palisade Wall |
| 2:14 | Create | Villager (Male) |
| 2:41 | Build | Palisade Wall |
| 3:11 | Create | Villager (Male) |
| 3:20 | Build | House |
| 3:26 | Create | Villager (Male) |
| 4:12 | Build | Palisade Wall |
| 4:22 | Create | Villager (Male) |
| 4:22 | Create | Villager (Male) |
| 4:27 | Build | House |
| 4:47 | Create | Villager (Male) |
| 5:31 | Build | Lumber Camp |
| 6:10 | Create | Villager (Male) |
| 6:45 | Create | Villager (Male) |
| 6:47 | Create | Villager (Male) |
| 7:28 | Create | Villager (Male) |
| 7:29 | Create | Villager (Male) |
| 7:30 | Create | Villager (Male) |
| 7:44 | Create | Villager (Male) |
| 8:06 | Build | Mill |
| 9:28 | Create | Villager (Male) |
| 9:28 | Create | Villager (Male) |
| 9:28 | Create | Villager (Male) |
| 9:58 | Build | House |
| 10:00 | Build | House |
| 10:27 | Create | Villager (Male) |
| 10:46 | Research | Feudal Age |
| 11:01 | Build | Farm |
| 12:27 | Create | Villager (Male) |
| 12:28 | Create | Villager (Male) |
| 12:28 | Create | Villager (Male) |
| 13:07 | Research | Wheelbarrow |
| 13:09 | Research | Double-Bit Axe |
| 13:43 | Build | Farm |
| 13:43 | Build | Farm |
| 13:43 | Build | Farm |
| 13:44 | Build | Farm |
| 13:44 | Build | Farm |
| 14:00 | Build | Farm |
| 14:28 | Create | Villager (Male) |
| 14:28 | Create | Villager (Male) |
| 14:59 | Build | Blacksmith |
| 15:02 | Build | Market |
| 15:13 | Research | Horse Collar |
| 15:19 | Create | Villager (Male) |
| 15:55 | Create | Villager (Male) |
| 15:55 | Create | Villager (Male) |
| 15:56 | Create | Villager (Male) |
| 15:56 | Create | Villager (Male) |
| 16:09 | Build | Lumber Camp |
| 16:28 | Create | Villager (Male) |
| 16:46 | Build | Farm |
| 16:47 | Build | Farm |
| 16:48 | Build | Farm |
| 16:49 | Build | Farm |
| 17:10 | Build | Farm |
| 17:14 | Build | Farm |
| 17:34 | Build | House |
| 17:35 | Build | House |
| 17:47 | Build | Mining Camp |
| 17:54 | Build | House |
| 17:55 | Build | House |
| 17:57 | Build | House |
| 17:58 | Build | House |
| 17:59 | Build | House |
| 18:11 | Create | Villager (Male) |
| 18:36 | Build | Farm |
| 18:36 | Build | Farm |
| 18:37 | Build | Farm |
| 18:37 | Build | Farm |
| 19:46 | Research | Castle Age |
| 20:10 | Build | Barracks |
| 20:34 | Build | House |
| 20:36 | Build | House |
| 20:37 | Build | House |
| 20:41 | Build | House |
| 20:44 | Build | House |
| 20:53 | Build | Mining Camp |
| 21:16 | Create | Villager (Male) |
| 21:17 | Create | Villager (Male) |
| 22:31 | Build | Town Center |
| 22:43 | Build | Town Center |
| 22:46 | Create | Villager (Male) |
| 22:46 | Create | Villager (Male) |
| 22:47 | Create | Villager (Male) |
| 22:49 | Research | Bow Saw |
| 22:51 | Research | Heavy Plow |
| 22:54 | Create | Villager (Male) |
| 23:03 | Build | Farm |
| 23:17 | Build | Mill |
| 23:19 | Build | Farm |
| 23:19 | Build | Farm |
| 23:19 | Build | Farm |
| 23:27 | Research | Hand Cart |
| 23:28 | Create | Villager (Male) |
| 24:11 | Create | Villager (Male) |
| 24:11 | Create | Villager (Male) |
| 24:11 | Create | Villager (Male) |
| 24:11 | Create | Villager (Male) |
| 24:12 | Create | Villager (Male) |
| 24:12 | Create | Villager (Male) |
| 24:12 | Create | Villager (Male) |
| 24:14 | Create | Villager (Male) |
| 24:14 | Create | Villager (Male) |
| 24:21 | Research | Gold Mining |
| 24:21 | Research | Stone Mining |
| 24:52 | Build | Farm |
| 24:58 | Create | Trade Cart |
| 24:58 | Create | Trade Cart |
| 24:58 | Create | Trade Cart |
| 25:11 | Create | Villager (Male) |
| 25:12 | Create | Villager (Male) |
| 25:12 | Create | Villager (Male) |
| 25:13 | Create | Villager (Male) |
| 25:13 | Create | Villager (Male) |
| 25:14 | Create | Villager (Male) |
| 25:56 | Build | Lumber Camp |
| 26:14 | Create | Villager (Male) |
| 26:16 | Create | Villager (Male) |
| 26:16 | Create | Villager (Male) |
| 26:16 | Create | Villager (Male) |
| 26:17 | Create | Villager (Male) |
| 26:17 | Create | Villager (Male) |
| 26:20 | Build | Farm |
| 26:24 | Build | Farm |
| 26:49 | Build | Archery Range |
| 27:02 | Build | Archery Range |
| 27:12 | Create | Villager (Male) |
| 27:13 | Create | Villager (Male) |
| 27:15 | Create | Villager (Male) |
| 27:15 | Create | Villager (Male) |
| 27:15 | Create | Villager (Male) |
| 27:16 | Create | Villager (Male) |
| 27:17 | Create | Villager (Male) |
| 27:17 | Create | Villager (Male) |
| 27:17 | Create | Villager (Male) |
| 27:38 | Build | Farm |
| 27:38 | Build | Farm |
| 27:39 | Build | Farm |
| 27:46 | Build | Archery Range |
| 27:47 | Build | Archery Range |
| 27:51 | Build | Archery Range |
| 27:55 | Build | Archery Range |
Build order — TrueCrime
9 actions detected in the replay
| 0:03 | Research | Loom |
| 0:04 | Create | Villager (Male) |
| 0:04 | Create | Villager (Male) |
| 0:04 | Create | Villager (Male) |
| 0:05 | Create | Villager (Male) |
| 0:05 | Create | Villager (Male) |
| 0:09 | Build | House |
| 0:10 | Build | House |
| 0:11 | Build | House |
Build order — spideramos
First 150 of 426 actions detected
| 0:02 | Create | Villager (Male) |
| 0:03 | Research | Loom |
| 0:04 | Create | Villager (Male) ×3 |
| 0:08 | Build | House |
| 0:09 | Build | House |
| 0:27 | Build | Palisade Wall |
| 2:34 | Create | Villager (Male) |
| 3:12 | Create | Villager (Male) |
| 3:12 | Create | Villager (Male) |
| 3:22 | Create | Villager (Male) |
| 3:33 | Build | Palisade Wall |
| 4:00 | Create | Villager (Male) |
| 4:25 | Create | Villager (Male) |
| 4:42 | Create | Villager (Male) |
| 5:47 | Create | Villager (Male) |
| 5:47 | Create | Villager (Male) |
| 5:47 | Create | Villager (Male) |
| 5:52 | Build | House |
| 7:04 | Create | Villager (Male) |
| 7:04 | Create | Villager (Male) |
| 7:05 | Create | Villager (Male) |
| 7:12 | Build | Lumber Camp |
| 7:46 | Create | Villager (Male) |
| 7:54 | Build | House |
| 8:00 | Create | Villager (Male) |
| 8:28 | Build | House |
| 9:28 | Create | Villager (Male) |
| 9:28 | Create | Villager (Male) |
| 9:45 | Build | Mill |
| 10:07 | Build | Mill |
| 10:28 | Create | Villager (Male) |
| 10:35 | Research | Feudal Age |
| 10:58 | Create | Villager (Male) |
| 10:59 | Create | Villager (Male) |
| 11:10 | Create | Villager (Male) |
| 13:11 | Research | Double-Bit Axe |
| 13:35 | Build | Mining Camp |
| 13:43 | Research | Horse Collar |
| 13:56 | Create | Villager (Male) |
| 13:56 | Create | Villager (Male) |
| 14:39 | Create | Villager (Male) |
| 14:52 | Build | Blacksmith |
| 14:59 | Build | Market |
| 15:01 | Build | Market |
| 15:15 | Build | House |
| 15:23 | Create | Villager (Male) |
| 15:33 | Build | House |
| 15:46 | Research | Fletching |
| 16:08 | Build | Lumber Camp |
| 16:27 | Build | Mining Camp |
| 16:31 | Create | Villager (Male) |
| 16:38 | Create | Villager (Male) |
| 17:01 | Build | Building 487 |
| 17:05 | Build | Stone Wall |
| 17:08 | Build | Stone Wall |
| 17:11 | Create | Villager (Male) |
| 17:19 | Build | Farm |
| 17:21 | Build | Farm |
| 17:22 | Build | Farm |
| 17:34 | Research | Castle Age |
| 17:45 | Build | Farm |
| 17:46 | Build | Farm |
| 17:46 | Build | Farm |
| 17:46 | Build | Farm |
| 17:47 | Build | Farm |
| 17:48 | Build | Farm |
| 17:48 | Build | Farm |
| 17:57 | Create | Villager (Male) |
| 17:57 | Create | Villager (Male) |
| 18:31 | Build | Farm |
| 20:17 | Create | Villager (Male) |
| 20:17 | Create | Villager (Male) |
| 20:36 | Build | Town Center |
| 21:03 | Build | Farm |
| 21:21 | Build | Town Center |
| 21:24 | Create | Villager (Male) |
| 21:24 | Create | Villager (Male) |
| 21:29 | Build | Farm |
| 21:34 | Research | Bow Saw |
| 21:37 | Research | Heavy Plow |
| 21:51 | Build | House |
| 21:52 | Build | House |
| 21:54 | Build | House |
| 21:55 | Build | House |
| 21:59 | Create | Villager (Male) |
| 21:59 | Create | Villager (Male) |
| 22:00 | Create | Villager (Male) |
| 22:01 | Create | Villager (Male) |
| 22:03 | Create | Villager (Male) |
| 22:16 | Build | Farm |
| 22:41 | Create | Villager (Male) |
| 22:42 | Create | Villager (Male) |
| 22:42 | Create | Villager (Male) |
| 22:42 | Create | Villager (Male) |
| 22:43 | Create | Villager (Male) |
| 22:52 | Build | Farm |
| 22:57 | Build | Farm |
| 23:05 | Build | Farm |
| 23:39 | Build | Farm |
| 23:53 | Create | Villager (Male) |
| 23:53 | Create | Villager (Male) |
| 23:54 | Create | Villager (Male) |
| 23:54 | Create | Villager (Male) |
| 23:55 | Create | Villager (Male) |
| 23:55 | Create | Villager (Male) |
| 24:01 | Build | Farm |
| 24:30 | Build | Farm |
| 24:44 | Build | Farm |
| 24:47 | Create | Villager (Male) |
| 24:48 | Create | Villager (Male) |
| 24:49 | Create | Villager (Male) |
| 24:49 | Create | Villager (Male) |
| 24:50 | Create | Villager (Male) |
| 24:50 | Create | Villager (Male) |
| 25:23 | Build | Castle |
| 25:30 | Build | Farm |
| 25:36 | Build | Farm |
| 25:37 | Create | Villager (Male) |
| 25:38 | Create | Villager (Male) |
| 25:38 | Create | Villager (Male) |
| 25:39 | Create | Villager (Male) |
| 25:40 | Create | Villager (Male) |
| 25:55 | Build | Farm |
| 25:55 | Build | Farm |
| 25:55 | Build | Farm |
| 25:55 | Build | Farm |
| 25:57 | Build | Farm |
| 26:06 | Build | Farm |
| 26:08 | Create | Villager (Male) |
| 26:08 | Create | Villager (Male) |
| 26:09 | Create | Villager (Male) |
| 26:09 | Create | Villager (Male) |
| 26:09 | Create | Villager (Male) |
| 26:33 | Build | Farm |
| 26:39 | Create | Villager (Male) |
| 26:41 | Research | Wheelbarrow |
| 26:43 | Create | Villager (Male) |
| 26:43 | Create | Villager (Male) |
| 26:58 | Build | Farm |
| 27:15 | Build | House |
| 27:16 | Build | House |
| 27:17 | Build | House |
| 27:18 | Build | House |
| 27:22 | Create | Villager (Male) |
| 27:22 | Create | Villager (Male) |
| 27:28 | Build | Town Center |
| 27:46 | Build | Farm |
| 28:11 | Build | Mining Camp |
| 28:15 | Create | Villager (Male) |
| 28:15 | Create | Villager (Male) |
Build order — Lord_Tarritou
First 150 of 554 actions detected
| 0:02 | Create | Villager (Male) |
| 0:02 | Create | Villager (Male) |
| 0:02 | Create | Villager (Male) |
| 0:03 | Build | House |
| 0:06 | Build | House |
| 0:59 | Create | Villager (Male) |
| 0:59 | Create | Villager (Male) |
| 1:32 | Create | Villager (Male) |
| 1:32 | Create | Villager (Male) |
| 1:47 | Build | Lumber Camp |
| 2:07 | Create | Villager (Male) |
| 2:07 | Create | Villager (Male) |
| 2:07 | Create | Villager (Male) |
| 2:27 | Create | Villager (Male) |
| 2:27 | Create | Villager (Male) |
| 2:27 | Create | Villager (Male) |
| 2:27 | Create | Villager (Male) |
| 2:40 | Research | Loom |
| 2:53 | Create | Villager (Male) |
| 2:53 | Create | Villager (Male) |
| 3:17 | Create | Villager (Male) |
| 3:46 | Create | Villager (Male) |
| 3:47 | Create | Villager (Male) |
| 3:53 | Build | House |
| 3:54 | Build | House |
| 3:55 | Build | House |
| 4:18 | Create | Villager (Male) |
| 4:18 | Create | Villager (Male) |
| 4:18 | Create | Villager (Male) |
| 4:38 | Create | Villager (Male) |
| 4:38 | Create | Villager (Male) |
| 4:51 | Build | Mill |
| 5:07 | Build | Palisade Wall |
| 5:14 | Create | Villager (Male) |
| 5:23 | Build | Palisade Wall |
| 5:28 | Build | Palisade Wall |
| 5:29 | Create | Villager (Male) |
| 5:30 | Create | Villager (Male) |
| 5:45 | Build | Palisade Wall |
| 5:58 | Create | Villager (Male) |
| 6:31 | Create | Villager (Male) |
| 6:31 | Create | Villager (Male) |
| 6:31 | Create | Villager (Male) |
| 6:32 | Create | Villager (Male) |
| 6:32 | Create | Villager (Male) |
| 6:32 | Create | Villager (Male) |
| 6:32 | Create | Villager (Male) |
| 6:56 | Create | Villager (Male) |
| 7:00 | Build | Mining Camp |
| 7:06 | Create | Villager (Male) |
| 7:07 | Create | Villager (Male) |
| 7:47 | Create | Villager (Male) |
| 7:47 | Create | Villager (Male) |
| 7:47 | Create | Villager (Male) |
| 8:02 | Create | Villager (Male) |
| 8:03 | Create | Villager (Male) |
| 8:15 | Build | House |
| 8:16 | Build | House |
| 8:19 | Build | House |
| 8:20 | Build | House |
| 8:24 | Create | Villager (Male) |
| 8:46 | Create | Villager (Male) |
| 8:47 | Create | Villager (Male) |
| 9:18 | Build | Mining Camp |
| 9:54 | Create | Villager (Male) |
| 9:55 | Create | Villager (Male) |
| 10:27 | Research | Feudal Age |
| 11:29 | Build | House |
| 11:30 | Build | House |
| 11:31 | Build | House |
| 11:33 | Build | House |
| 11:34 | Build | House |
| 11:35 | Build | House |
| 11:37 | Build | House |
| 12:11 | Build | Farm |
| 12:12 | Build | Farm |
| 12:25 | Build | House |
| 12:26 | Build | House |
| 12:29 | Build | House |
| 12:31 | Build | House |
| 12:32 | Build | House |
| 13:17 | Build | Farm |
| 13:18 | Build | Farm |
| 13:22 | Build | Farm |
| 13:24 | Build | Farm |
| 13:28 | Build | Farm |
| 13:31 | Build | Farm |
| 13:59 | Research | Castle Age |
| 13:59 | Research | Castle Age |
| 14:27 | Research | Double-Bit Axe |
| 14:27 | Research | Double-Bit Axe |
| 14:44 | Research | Horse Collar |
| 14:44 | Research | Horse Collar |
| 14:44 | Research | Horse Collar |
| 14:55 | Build | House |
| 14:56 | Build | House |
| 14:57 | Build | House |
| 15:00 | Build | House |
| 15:04 | Create | Villager (Male) |
| 15:11 | Build | Farm |
| 15:16 | Build | Farm |
| 15:20 | Build | Farm |
| 15:33 | Build | Stone Wall |
| 15:53 | Build | Farm |
| 15:54 | Build | Farm |
| 16:21 | Build | Outpost |
| 16:26 | Build | Outpost |
| 16:33 | Research | Wheelbarrow |
| 16:40 | Research | Town Watch |
| 16:43 | Research | Bow Saw |
| 17:02 | Research | Heavy Plow |
| 17:02 | Research | Heavy Plow |
| 17:13 | Create | Villager (Male) |
| 17:56 | Build | House |
| 17:59 | Create | Villager (Male) |
| 18:05 | Build | Monastery |
| 18:11 | Create | Villager (Male) |
| 18:25 | Build | Lumber Camp |
| 18:44 | Create | Monk |
| 19:06 | Build | Mining Camp |
| 19:10 | Research | Gold Mining |
| 19:12 | Create | Villager (Male) |
| 19:34 | Build | House |
| 19:35 | Build | House |
| 19:37 | Build | House |
| 19:38 | Build | House |
| 19:40 | Build | House |
| 19:41 | Build | House |
| 19:49 | Build | House |
| 19:52 | Create | Villager (Male) |
| 20:14 | Research | Fervor |
| 20:15 | Create | Villager (Male) |
| 20:17 | Create | Villager (Male) |
| 20:19 | Create | Villager (Male) |
| 20:25 | Build | Town Center |
| 21:11 | Create | Villager (Male) |
| 21:11 | Create | Villager (Male) |
| 21:11 | Create | Villager (Male) |
| 21:11 | Create | Villager (Male) |
| 21:12 | Create | Villager (Male) |
| 21:12 | Create | Villager (Male) |
| 21:12 | Create | Villager (Male) |
| 21:12 | Create | Villager (Male) |
| 21:12 | Create | Villager (Male) |
| 21:13 | Create | Villager (Male) |
| 21:13 | Create | Villager (Male) |
| 21:13 | Create | Villager (Male) |
| 21:13 | Create | Villager (Male) |
| 21:14 | Create | Villager (Male) |
| 21:14 | Create | Villager (Male) |
Build order — SkilzDatKilz845
First 150 of 475 actions detected
| 0:02 | Create | Villager (Male) |
| 0:04 | Build | House |
| 0:08 | Build | House |
| 0:11 | Build | House |
| 0:17 | Research | Loom |
| 0:18 | Create | Villager (Male) ×3 |
| 2:22 | Create | Villager (Male) |
| 2:47 | Build | Palisade Wall |
| 3:00 | Create | Villager (Male) |
| 3:00 | Create | Villager (Male) |
| 3:00 | Create | Villager (Male) |
| 3:35 | Create | Villager (Male) |
| 3:49 | Create | Villager (Male) |
| 4:49 | Create | Villager (Male) |
| 4:49 | Create | Villager (Male) |
| 5:12 | Create | Villager (Male) |
| 5:51 | Create | Villager (Male) |
| 5:51 | Create | Villager (Male) |
| 6:12 | Build | Mill |
| 6:25 | Build | House |
| 6:27 | Build | House |
| 6:42 | Create | Villager (Male) |
| 6:43 | Create | Villager (Male) |
| 7:03 | Create | Villager (Male) |
| 7:11 | Create | Villager (Male) |
| 7:49 | Build | Lumber Camp |
| 8:04 | Create | Villager (Male) |
| 8:36 | Create | Villager (Male) |
| 9:52 | Create | Villager (Male) |
| 9:52 | Create | Villager (Male) |
| 9:52 | Create | Villager (Male) |
| 9:53 | Create | Villager (Male) |
| 9:53 | Create | Villager (Male) |
| 9:53 | Create | Villager (Male) |
| 9:53 | Create | Villager (Male) |
| 9:54 | Create | Villager (Male) |
| 9:54 | Create | Villager (Male) |
| 10:15 | Research | Feudal Age |
| 10:36 | Build | Barracks |
| 10:48 | Create | Villager (Male) |
| 10:51 | Create | Villager (Male) |
| 11:30 | Build | Mining Camp |
| 11:49 | Create | Villager (Male) |
| 11:49 | Create | Villager (Male) |
| 12:47 | Build | Market |
| 13:06 | Build | Mill |
| 13:26 | Create | Villager (Male) |
| 14:02 | Build | Watch Tower |
| 14:28 | Build | Mill |
| 14:39 | Create | Villager (Male) |
| 14:39 | Create | Villager (Male) |
| 15:09 | Build | House |
| 15:14 | Build | House |
| 15:27 | Create | Villager (Male) |
| 15:28 | Research | Wheelbarrow |
| 16:18 | Create | Villager (Male) |
| 16:33 | Build | Blacksmith |
| 17:00 | Create | Villager (Male) |
| 17:25 | Research | Castle Age |
| 18:10 | Build | Farm |
| 18:10 | Build | Farm |
| 18:11 | Build | Farm |
| 18:12 | Build | Farm |
| 18:22 | Create | Villager (Male) |
| 18:22 | Create | Villager (Male) |
| 18:52 | Build | Stone Wall |
| 19:04 | Build | Stone Wall |
| 21:18 | Build | Castle |
| 21:35 | Create | Villager (Male) |
| 21:35 | Create | Villager (Male) |
| 21:35 | Create | Villager (Male) |
| 21:44 | Build | Mill |
| 21:51 | Build | Farm |
| 21:52 | Build | Farm |
| 21:52 | Build | Farm |
| 21:52 | Build | Farm |
| 21:52 | Build | Farm |
| 21:53 | Build | Farm |
| 21:55 | Build | Farm |
| 21:58 | Build | Farm |
| 22:14 | Create | Villager (Male) |
| 22:48 | Create | Villager (Male) |
| 23:02 | Create | Trade Cart |
| 23:03 | Create | Trade Cart |
| 23:05 | Create | Villager (Male) |
| 23:06 | Create | Villager (Male) |
| 23:36 | Create | Villager (Male) |
| 23:36 | Create | Villager (Male) |
| 23:48 | Build | Lumber Camp |
| 23:56 | Create | Villager (Male) |
| 23:57 | Create | Villager (Male) |
| 24:33 | Build | Stone Wall |
| 24:40 | Create | Villager (Male) |
| 24:41 | Create | Villager (Male) |
| 24:41 | Create | Villager (Male) |
| 24:41 | Create | Villager (Male) |
| 24:50 | Create | Villager (Male) |
| 25:06 | Create | Villager (Male) |
| 25:13 | Research | Horse Collar |
| 25:17 | Research | Double-Bit Axe |
| 25:25 | Build | Mill |
| 25:47 | Build | Watch Tower |
| 25:59 | Build | Mining Camp |
| 26:15 | Create | Villager (Male) |
| 26:16 | Create | Villager (Male) |
| 26:16 | Create | Villager (Male) |
| 26:40 | Build | Town Center |
| 26:46 | Build | Farm |
| 27:05 | Build | University |
| 27:20 | Create | Cataphract |
| 27:20 | Create | Cataphract |
| 27:33 | Build | Farm |
| 27:49 | Create | Villager (Male) |
| 27:50 | Create | Villager (Male) |
| 28:19 | Create | Villager (Male) |
| 28:19 | Create | Villager (Male) |
| 28:19 | Create | Villager (Male) |
| 28:19 | Create | Villager (Male) |
| 28:20 | Create | Villager (Male) |
| 28:20 | Create | Villager (Male) |
| 28:20 | Create | Villager (Male) |
| 28:20 | Create | Villager (Male) |
| 28:21 | Create | Villager (Male) |
| 28:21 | Create | Villager (Male) |
| 28:53 | Build | Building 487 |
| 29:04 | Build | Monastery |
| 29:09 | Build | Mining Camp |
| 29:12 | Create | Villager (Male) |
| 29:12 | Create | Villager (Male) |
| 29:12 | Create | Villager (Male) |
| 29:12 | Create | Villager (Male) |
| 29:27 | Build | Castle |
| 29:34 | Create | Villager (Male) |
| 29:34 | Create | Villager (Male) |
| 29:40 | Research | Imperial Age |
| 29:56 | Build | Farm |
| 29:56 | Build | Farm |
| 29:57 | Build | Farm |
| 30:01 | Research | Heavy Plow |
| 30:06 | Create | Trade Cart ×5 |
| 30:06 | Create | Trade Cart ×4 |
| 30:47 | Create | Villager (Male) ×4 |
| 31:25 | Build | Stable |
| 31:30 | Build | Stable |
| 32:13 | Create | Villager (Male) |
| 32:13 | Create | Villager (Male) |
| 32:13 | Create | Villager (Male) |
| 32:14 | Create | Villager (Male) |
| 32:21 | Create | Villager (Male) ×5 |
| 32:21 | Create | Villager (Male) ×5 |
Build order — SeventhDrip9
First 150 of 637 actions detected
| 0:03 | Create | Villager (Male) |
| 0:04 | Research | Loom |
| 0:04 | Create | Villager (Male) |
| 0:04 | Create | Villager (Male) |
| 0:05 | Create | Villager (Male) |
| 0:09 | Build | House |
| 0:09 | Build | House |
| 1:33 | Build | Palisade Wall |
| 1:48 | Build | Palisade Wall |
| 1:57 | Build | Palisade Gate |
| 3:10 | Build | Lumber Camp |
| 3:43 | Create | Villager (Male) |
| 3:43 | Create | Villager (Male) |
| 4:28 | Create | Villager (Male) |
| 4:28 | Create | Villager (Male) |
| 5:13 | Create | Villager (Male) |
| 5:14 | Create | Villager (Male) |
| 6:22 | Create | Villager (Male) |
| 6:22 | Create | Villager (Male) |
| 6:23 | Create | Villager (Male) |
| 6:33 | Build | House |
| 6:48 | Build | Mill |
| 7:19 | Create | Villager (Male) |
| 7:56 | Create | Villager (Male) |
| 7:56 | Create | Villager (Male) |
| 7:57 | Create | Villager (Male) |
| 7:57 | Create | Villager (Male) |
| 8:58 | Create | Villager (Male) |
| 8:58 | Create | Villager (Male) |
| 9:33 | Build | House |
| 9:54 | Create | Villager (Male) |
| 10:20 | Create | Villager (Male) |
| 11:40 | Research | Feudal Age |
| 12:06 | Build | House |
| 12:10 | Build | Mining Camp |
| 12:35 | Create | Villager (Male) |
| 12:35 | Create | Villager (Male) |
| 13:32 | Create | Villager (Male) |
| 13:32 | Create | Villager (Male) |
| 14:31 | Build | Mill |
| 14:51 | Build | Market |
| 14:53 | Build | Blacksmith |
| 14:58 | Create | Villager (Male) |
| 14:58 | Create | Villager (Male) |
| 15:27 | Create | Villager (Male) |
| 15:48 | Build | Stone Wall |
| 15:51 | Build | Stone Wall |
| 15:56 | Build | Building 487 |
| 16:08 | Create | Villager (Male) |
| 16:11 | Create | Villager (Male) |
| 16:16 | Build | Lumber Camp |
| 16:22 | Create | Villager (Male) |
| 17:24 | Build | House |
| 17:25 | Build | House |
| 17:27 | Build | House |
| 17:28 | Build | House |
| 17:48 | Research | Castle Age |
| 18:31 | Build | Watch Tower |
| 18:53 | Research | Double-Bit Axe |
| 18:55 | Research | Horse Collar |
| 19:42 | Build | Mining Camp |
| 20:17 | Research | Fletching |
| 20:21 | Create | Villager (Male) |
| 20:21 | Create | Villager (Male) |
| 20:32 | Create | Villager (Male) |
| 20:38 | Research | Bow Saw |
| 20:58 | Research | Bodkin Arrow |
| 21:11 | Build | Stone Wall |
| 21:19 | Build | Building 487 |
| 21:44 | Build | University |
| 21:56 | Build | Mining Camp |
| 21:58 | Create | Villager (Male) |
| 21:58 | Create | Villager (Male) |
| 22:11 | Create | Villager (Male) |
| 22:47 | Research | Fortified Wall (upgrade) |
| 22:54 | Build | House |
| 22:55 | Build | House |
| 22:58 | Build | House |
| 23:00 | Create | Villager (Male) |
| 23:03 | Create | Villager (Male) |
| 23:18 | Build | Stone Wall |
| 23:22 | Build | Building 487 |
| 23:25 | Create | Villager (Male) |
| 23:34 | Build | Farm |
| 23:44 | Build | Farm |
| 23:47 | Create | Villager (Male) |
| 24:20 | Build | Monastery |
| 24:23 | Create | Villager (Male) |
| 24:26 | Build | Farm |
| 24:29 | Create | Villager (Male) |
| 24:56 | Build | Castle |
| 24:58 | Create | Monk |
| 25:05 | Create | Trade Cart |
| 25:09 | Build | Farm |
| 25:11 | Build | Farm |
| 25:13 | Create | Villager (Male) |
| 25:30 | Create | Villager (Male) |
| 25:34 | Build | Farm |
| 25:53 | Build | Town Center |
| 25:59 | Create | Villager (Male) |
| 26:31 | Create | Villager (Male) |
| 26:36 | Build | Farm |
| 26:38 | Build | Farm |
| 26:42 | Build | Farm |
| 26:50 | Build | House |
| 26:50 | Build | House |
| 26:51 | Build | House |
| 27:18 | Build | House |
| 27:19 | Build | House |
| 27:21 | Build | House |
| 27:22 | Build | House |
| 27:23 | Build | House |
| 27:25 | Build | House |
| 27:27 | Build | House |
| 27:28 | Build | House |
| 27:30 | Build | House |
| 27:46 | Build | Castle |
| 27:51 | Create | Villager (Male) |
| 27:56 | Build | Farm |
| 27:58 | Build | Farm |
| 27:59 | Create | Villager (Male) |
| 28:01 | Create | Villager (Male) |
| 28:01 | Create | Villager (Male) |
| 28:10 | Build | Farm |
| 28:18 | Create | Villager (Male) |
| 28:38 | Create | Trade Cart |
| 28:39 | Create | Trade Cart |
| 28:46 | Create | Villager (Male) |
| 28:59 | Create | Conquistador |
| 29:05 | Create | Villager (Male) |
| 29:14 | Create | Villager (Male) |
| 29:23 | Create | Villager (Male) |
| 30:20 | Build | Castle |
| 30:34 | Create | Villager (Male) |
| 30:34 | Create | Villager (Male) |
| 30:37 | Create | Villager (Male) |
| 30:40 | Build | Farm |
| 30:42 | Create | Villager (Male) |
| 30:45 | Create | Villager (Male) |
| 30:49 | Build | Lumber Camp |
| 30:55 | Build | Lumber Camp |
| 31:15 | Create | Villager (Male) |
| 31:17 | Build | Farm |
| 31:32 | Build | Farm |
| 31:59 | Create | Villager (Male) |
| 32:01 | Create | Villager (Male) |
| 32:03 | Create | Villager (Male) |
| 32:04 | Create | Villager (Male) |
| 32:08 | Build | Farm |
| 32:11 | Build | Mining Camp |
Build order — Jaereg
First 150 of 753 actions detected
| 0:10 | Build | House |
| 0:19 | Create | Villager (Male) ×4 |
| 1:13 | Build | House |
| 1:15 | Build | House |
| 1:16 | Build | House |
| 1:59 | Create | Villager (Male) |
| 2:00 | Create | Villager (Male) |
| 2:00 | Create | Villager (Male) |
| 2:22 | Create | Villager (Male) |
| 2:52 | Create | Villager (Male) |
| 3:17 | Create | Villager (Male) |
| 3:27 | Build | House |
| 4:13 | Create | Villager (Male) |
| 4:14 | Create | Villager (Male) |
| 4:14 | Create | Villager (Male) |
| 4:23 | Create | Villager (Male) |
| 4:56 | Create | Villager (Male) |
| 5:23 | Create | Villager (Male) |
| 5:38 | Create | Villager (Male) |
| 6:01 | Create | Villager (Male) |
| 6:49 | Create | Villager (Male) |
| 6:49 | Create | Villager (Male) |
| 6:49 | Create | Villager (Male) |
| 6:50 | Create | Villager (Male) |
| 6:50 | Create | Villager (Male) |
| 6:50 | Create | Villager (Male) |
| 6:50 | Create | Villager (Male) |
| 8:55 | Build | Mill |
| 9:09 | Build | Lumber Camp |
| 9:16 | Create | Villager (Male) |
| 9:17 | Create | Villager (Male) |
| 9:17 | Create | Villager (Male) |
| 9:17 | Create | Villager (Male) |
| 9:17 | Create | Villager (Male) |
| 9:18 | Create | Villager (Male) |
| 9:19 | Create | Villager (Male) |
| 9:39 | Build | House |
| 9:43 | Build | House |
| 9:52 | Create | Villager (Male) |
| 10:56 | Create | Villager (Male) |
| 10:59 | Create | Villager (Male) |
| 11:18 | Create | Villager (Male) |
| 11:54 | Build | Lumber Camp |
| 12:03 | Create | Villager (Male) |
| 12:04 | Create | Villager (Male) |
| 12:05 | Create | Villager (Male) |
| 12:07 | Create | Villager (Male) |
| 12:15 | Create | Villager (Male) |
| 12:18 | Create | Villager (Male) |
| 12:27 | Build | Farm |
| 12:29 | Build | Farm |
| 12:31 | Build | Farm |
| 12:33 | Build | Farm |
| 12:35 | Build | Farm |
| 12:58 | Research | Feudal Age |
| 13:32 | Build | Farm |
| 13:34 | Build | Farm |
| 14:30 | Create | Villager (Male) |
| 14:30 | Create | Villager (Male) |
| 14:32 | Research | Feudal Age |
| 15:24 | Build | Farm |
| 15:25 | Build | Farm |
| 15:26 | Build | Farm |
| 15:28 | Build | Farm |
| 15:31 | Build | Farm |
| 15:31 | Build | Farm |
| 15:33 | Build | Farm |
| 15:38 | Build | Farm |
| 15:38 | Build | Farm |
| 15:39 | Build | Farm |
| 15:39 | Build | Farm |
| 15:39 | Build | Farm |
| 15:41 | Build | Farm |
| 16:18 | Create | Villager (Male) |
| 17:22 | Build | Mining Camp |
| 17:44 | Build | Market |
| 17:53 | Build | Blacksmith |
| 18:00 | Research | Double-Bit Axe |
| 18:02 | Research | Wheelbarrow |
| 18:15 | Research | Horse Collar |
| 18:29 | Research | Gold Mining |
| 18:37 | Research | Castle Age |
| 19:34 | Create | Trade Cart |
| 19:40 | Build | House |
| 19:41 | Build | House |
| 19:43 | Build | House |
| 19:44 | Build | House |
| 19:47 | Build | House |
| 19:48 | Build | House |
| 19:49 | Build | House |
| 19:50 | Build | House |
| 19:56 | Build | Lumber Camp |
| 20:23 | Create | Trade Cart |
| 20:31 | Build | Market |
| 21:09 | Create | Trade Cart |
| 21:09 | Create | Trade Cart |
| 21:28 | Create | Villager (Male) |
| 21:57 | Build | Lumber Camp |
| 22:11 | Build | Town Center |
| 22:18 | Build | Town Center |
| 22:42 | Build | Town Center |
| 22:52 | Create | Villager (Male) |
| 22:53 | Create | Villager (Male) |
| 23:08 | Research | Hand Cart |
| 23:10 | Create | Villager (Male) |
| 23:10 | Create | Villager (Male) |
| 23:10 | Create | Villager (Male) |
| 23:11 | Create | Villager (Male) |
| 23:11 | Create | Villager (Male) |
| 23:24 | Create | Trade Cart |
| 23:27 | Create | Villager (Male) |
| 23:29 | Create | Villager (Male) |
| 23:30 | Create | Villager (Male) |
| 23:30 | Create | Villager (Male) |
| 24:01 | Research | Bow Saw |
| 24:03 | Create | Villager (Male) |
| 24:03 | Create | Villager (Male) |
| 24:04 | Create | Villager (Male) |
| 24:04 | Create | Villager (Male) |
| 24:04 | Create | Villager (Male) |
| 24:04 | Create | Villager (Male) |
| 24:05 | Create | Villager (Male) |
| 24:11 | Build | Farm |
| 24:18 | Create | Villager (Male) |
| 24:19 | Create | Villager (Male) |
| 24:19 | Create | Villager (Male) |
| 24:19 | Create | Villager (Male) |
| 24:19 | Create | Villager (Male) |
| 24:29 | Create | Villager (Male) |
| 24:29 | Create | Villager (Male) |
| 24:30 | Create | Villager (Male) |
| 24:31 | Create | Villager (Male) |
| 24:38 | Create | Trade Cart |
| 25:00 | Create | Villager (Male) |
| 25:00 | Create | Villager (Male) |
| 25:00 | Create | Villager (Male) |
| 25:01 | Create | Villager (Male) |
| 25:14 | Research | Heavy Plow |
| 25:23 | Create | Villager (Male) |
| 25:23 | Create | Villager (Male) |
| 25:24 | Create | Villager (Male) |
| 25:24 | Create | Villager (Male) |
| 25:30 | Research | Gold Shaft Mining |
| 26:00 | Research | Coinage |
| 26:05 | Create | Villager (Male) |
| 26:06 | Create | Trade Cart |
| 26:06 | Create | Trade Cart |
| 26:07 | Create | Trade Cart |
| 26:07 | Create | Trade Cart |
| 26:08 | Create | Trade Cart |
Build order — Ericko04
First 150 of 474 actions detected
| 0:03 | Create | Villager (Male) |
| 0:04 | Create | Villager (Male) |
| 0:04 | Create | Villager (Male) |
| 0:04 | Create | Villager (Male) |
| 0:06 | Build | House |
| 0:34 | Build | House |
| 1:03 | Build | Palisade Wall |
| 1:07 | Research | Loom |
| 1:17 | Create | Villager (Male) |
| 2:05 | Create | Villager (Male) |
| 2:06 | Create | Villager (Male) |
| 2:33 | Build | Palisade Wall |
| 2:39 | Build | Palisade Wall |
| 2:44 | Create | Villager (Male) |
| 3:09 | Create | Villager (Male) |
| 3:40 | Create | Villager (Male) |
| 3:55 | Create | Villager (Male) |
| 3:59 | Build | House |
| 4:24 | Create | Villager (Male) |
| 4:44 | Create | Villager (Male) |
| 4:54 | Build | Mill |
| 5:04 | Create | Villager (Male) |
| 5:34 | Create | Villager (Male) |
| 6:06 | Build | House |
| 6:11 | Create | Villager (Male) |
| 6:42 | Create | Villager (Male) |
| 7:01 | Create | Villager (Male) |
| 7:02 | Create | Villager (Male) |
| 7:37 | Build | Mill |
| 7:53 | Create | Villager (Male) |
| 7:54 | Create | Villager (Male) |
| 7:54 | Create | Villager (Male) |
| 8:18 | Create | Villager (Male) |
| 9:18 | Build | House |
| 9:22 | Create | Villager (Male) |
| 9:40 | Build | House |
| 10:42 | Build | Lumber Camp |
| 10:48 | Create | Villager (Male) |
| 10:49 | Create | Villager (Male) |
| 11:08 | Create | Villager (Male) |
| 11:23 | Build | Mining Camp |
| 11:40 | Create | Villager (Male) |
| 12:05 | Create | Villager (Male) |
| 12:18 | Build | House |
| 12:30 | Create | Villager (Male) |
| 12:32 | Create | Villager (Male) |
| 12:32 | Create | Villager (Male) |
| 13:00 | Build | Lumber Camp |
| 13:14 | Build | Mining Camp |
| 13:20 | Create | Villager (Male) |
| 13:41 | Build | Barracks |
| 13:47 | Research | Feudal Age |
| 14:06 | Build | Farm |
| 14:09 | Build | Farm |
| 14:12 | Build | Farm |
| 14:16 | Build | Farm |
| 14:22 | Build | Farm |
| 14:31 | Build | Farm |
| 14:49 | Build | Farm |
| 14:52 | Build | Farm |
| 15:07 | Build | House |
| 16:50 | Build | Market |
| 17:06 | Research | Wheelbarrow |
| 17:12 | Research | Horse Collar |
| 17:14 | Research | Double-Bit Axe |
| 17:31 | Build | Stone Wall |
| 17:58 | Create | Villager (Male) |
| 18:56 | Build | Archery Range |
| 19:25 | Build | Blacksmith |
| 19:56 | Create | Villager (Male) |
| 20:25 | Research | Castle Age |
| 20:43 | Build | Stone Wall |
| 20:57 | Research | Stone Mining |
| 21:02 | Research | Gold Mining |
| 21:32 | Create | Trade Cart |
| 21:33 | Create | Trade Cart |
| 21:34 | Create | Trade Cart |
| 21:35 | Create | Trade Cart |
| 21:36 | Create | Trade Cart |
| 21:37 | Create | Trade Cart |
| 22:35 | Create | Skirmisher |
| 22:37 | Create | Skirmisher |
| 22:38 | Create | Skirmisher |
| 23:20 | Build | Castle |
| 23:31 | Research | Hand Cart |
| 23:38 | Build | Town Center |
| 23:47 | Research | Caravan |
| 23:58 | Research | Elite Skirmisher (upgrade) |
| 23:59 | Create | Skirmisher |
| 24:00 | Create | Skirmisher |
| 24:01 | Create | Skirmisher |
| 24:02 | Create | Skirmisher |
| 24:08 | Research | Bow Saw |
| 24:18 | Research | Heavy Plow |
| 24:55 | Build | House |
| 24:56 | Build | House |
| 24:57 | Build | House |
| 25:12 | Build | Lumber Camp |
| 25:32 | Create | Villager (Male) |
| 25:33 | Create | Villager (Male) |
| 25:33 | Create | Villager (Male) |
| 25:36 | Build | Farm |
| 26:03 | Create | Samurai |
| 26:05 | Create | Samurai |
| 26:09 | Create | Samurai |
| 26:20 | Build | Siege Workshop |
| 26:35 | Build | Siege Workshop |
| 26:54 | Build | Monastery |
| 27:00 | Create | Villager (Male) |
| 27:00 | Create | Villager (Male) |
| 27:01 | Create | Villager (Male) |
| 27:02 | Create | Villager (Male) |
| 27:02 | Create | Villager (Male) |
| 27:08 | Build | Farm |
| 27:33 | Build | House |
| 27:34 | Build | House |
| 27:37 | Create | Monk |
| 27:47 | Create | Mangonel |
| 27:52 | Create | Battering Ram |
| 27:53 | Create | Battering Ram |
| 27:55 | Create | Battering Ram |
| 28:06 | Build | Farm |
| 28:10 | Build | Farm |
| 28:15 | Create | Trade Cart |
| 28:18 | Create | Trade Cart |
| 28:50 | Build | Building 487 |
| 29:18 | Create | Villager (Male) |
| 29:18 | Create | Villager (Male) |
| 29:19 | Create | Villager (Male) |
| 29:20 | Create | Villager (Male) |
| 29:22 | Create | Villager (Male) |
| 29:41 | Build | House |
| 29:42 | Build | House |
| 29:55 | Create | Battering Ram |
| 30:00 | Build | House |
| 30:15 | Build | Castle |
| 30:32 | Create | Villager (Male) |
| 30:34 | Create | Villager (Male) |
| 30:36 | Create | Villager (Male) |
| 30:56 | Build | Town Center |
| 31:18 | Build | Archery Range |
| 31:20 | Build | Archery Range |
| 31:26 | Research | Fletching |
| 31:28 | Research | Scale Mail Armor |
| 31:50 | Research | Imperial Age |
| 32:00 | Create | Skirmisher |
| 32:02 | Create | Skirmisher |
| 32:05 | Create | Samurai |
| 32:07 | Create | Samurai |
| 32:20 | Create | Villager (Male) |
Match timeline
| 0:27 | spideramos · wall_segment Palisade Wall x17 |
| 0:30 | wisimax · wall_segment Palisade Wall x9 |
| 1:03 | Ericko04 · wall_segment Palisade Wall x9 |
| 1:12 | wisimax · wall_segment Palisade Wall x11 |
| 1:33 | SeventhDrip9 · wall_segment Palisade Wall x12 |
| 1:48 | SeventhDrip9 · wall_segment Palisade Wall x7 |
| 1:57 | TrueCrime · resign |
| 2:33 | Ericko04 · wall_segment Palisade Wall x10 |
| 2:39 | Ericko04 · wall_segment Palisade Wall x3 |
| 2:41 | wisimax · wall_segment Palisade Wall x9 |
| 2:47 | SkilzDatKilz845 · wall_segment Palisade Wall x22 |
| 3:33 | spideramos · wall_segment Palisade Wall x14 |
| 4:12 | wisimax · wall_segment Palisade Wall x1 |
| 5:07 | Lord_Tarritou · wall_segment Palisade Wall x17 |
| 5:23 | Lord_Tarritou · wall_segment Palisade Wall x5 |
| 5:28 | Lord_Tarritou · wall_segment Palisade Wall x14 |
| 5:45 | Lord_Tarritou · wall_segment Palisade Wall x1 |
| 10:36 | SkilzDatKilz845 · first_building Barracks |
| 13:41 | Ericko04 · first_building Barracks |
| 15:33 | Lord_Tarritou · wall_segment Stone Wall x14 |
| 15:48 | SeventhDrip9 · wall_segment Stone Wall x3 |
| 15:51 | SeventhDrip9 · wall_segment Stone Wall x12 |
| 17:05 | spideramos · wall_segment Stone Wall x8 |
| 17:08 | spideramos · wall_segment Stone Wall x7 |
| 17:31 | Ericko04 · wall_segment Stone Wall x14 |
| 18:05 | Lord_Tarritou · first_building Monastery |
| 18:19 | Jaereg · first_market_sell 100 wood |
| 18:52 | SkilzDatKilz845 · wall_segment Stone Wall x2 |
| 18:56 | Ericko04 · first_building Archery Range |
| 19:04 | SkilzDatKilz845 · wall_segment Stone Wall x14 |
| 19:05 | wisimax · first_market_sell 100 wood |
| 20:10 | wisimax · first_building Barracks |
| 20:29 | SkilzDatKilz845 · first_market_sell 500 wood |
| 20:33 | SkilzDatKilz845 · first_market_buy 500 stone |
| 20:43 | Ericko04 · wall_segment Stone Wall x14 |
| 20:50 | Jaereg · first_market_buy 100 stone |
| 21:11 | SeventhDrip9 · wall_segment Stone Wall x16 |
| 21:18 | SkilzDatKilz845 · first_building Castle |
| 21:27 | Lord_Tarritou · first_building Stable |
| 22:07 | SeventhDrip9 · first_market_buy 100 wood |
| 23:18 | SeventhDrip9 · wall_segment Stone Wall x17 |
| 23:20 | Ericko04 · first_building Castle |
| 24:16 | Ericko04 · first_market_buy 100 food |
| 24:20 | SeventhDrip9 · first_building Monastery |
| 24:33 | SkilzDatKilz845 · wall_segment Stone Wall x2 |
| 24:56 | SeventhDrip9 · first_building Castle |
| 25:23 | spideramos · first_building Castle |
| 25:46 | SeventhDrip9 · first_market_sell 100 stone |
| 26:20 | Ericko04 · first_building Siege Workshop |
| 26:49 | wisimax · first_building Archery Range |
| 26:54 | Ericko04 · first_building Monastery |
| 27:24 | Jaereg · first_building Monastery |
| 29:04 | SkilzDatKilz845 · first_building Monastery |
| 29:09 | wisimax · first_building Stable |
| 29:23 | Jaereg · tribute_sent a jugador 1 |
| 29:23 | Jaereg · tribute_sent a jugador 2 |
| 29:23 | Jaereg · tribute_sent a jugador 3 |
| 29:23 | Jaereg · tribute_sent a jugador 4 |
| 29:23 | Jaereg · tribute_sent a jugador 5 |
| 29:23 | Jaereg · tribute_sent a jugador 7 |
| 29:23 | Jaereg · tribute_sent a jugador 8 |
| 29:39 | Jaereg · tribute_sent a jugador 1 |
| 29:39 | Jaereg · tribute_sent a jugador 2 |
| 29:39 | Jaereg · tribute_sent a jugador 3 |
| 29:39 | Jaereg · tribute_sent a jugador 4 |
| 29:39 | Jaereg · tribute_sent a jugador 5 |
| 29:39 | Jaereg · tribute_sent a jugador 7 |
| 29:39 | Jaereg · tribute_sent a jugador 8 |
| 29:49 | wisimax · first_building Monastery |
| 30:48 | Ericko04 · first_market_sell 100 wood |
| 31:25 | SkilzDatKilz845 · first_building Stable |
| 31:45 | Jaereg · first_building Barracks |
| 31:56 | spideramos · first_building Siege Workshop |
| 32:01 | spideramos · first_building Barracks |
| 32:14 | Jaereg · tribute_sent a jugador 1 |
| 32:14 | Jaereg · tribute_sent a jugador 2 |
| 32:14 | Jaereg · tribute_sent a jugador 3 |
| 32:14 | Jaereg · tribute_sent a jugador 4 |
| 32:14 | Jaereg · tribute_sent a jugador 5 |
| 32:14 | Jaereg · tribute_sent a jugador 7 |
| 32:14 | Jaereg · tribute_sent a jugador 8 |
| 32:29 | Jaereg · first_building Siege Workshop |
| 33:09 | SeventhDrip9 · first_building Siege Workshop |
| 33:13 | SeventhDrip9 · first_building Barracks |
| 33:52 | Jaereg · tribute_sent a jugador 1 |
| 33:52 | Jaereg · tribute_sent a jugador 2 |
| 33:52 | Jaereg · tribute_sent a jugador 3 |
| 33:52 | Jaereg · tribute_sent a jugador 4 |
| 33:52 | Jaereg · tribute_sent a jugador 5 |
| 33:52 | Jaereg · tribute_sent a jugador 7 |
| 33:52 | Jaereg · tribute_sent a jugador 8 |
| 34:01 | Jaereg · tribute_sent a jugador 1 |
| 34:01 | Jaereg · tribute_sent a jugador 2 |
| 34:01 | Jaereg · tribute_sent a jugador 3 |
| 34:01 | Jaereg · tribute_sent a jugador 4 |
| 34:01 | Jaereg · tribute_sent a jugador 5 |
| 34:01 | Jaereg · tribute_sent a jugador 7 |
| 34:01 | Jaereg · tribute_sent a jugador 8 |
| 34:25 | Lord_Tarritou · first_building Castle |
| 34:37 | SkilzDatKilz845 · first_building Siege Workshop |
| 34:45 | SkilzDatKilz845 · first_building Archery Range |
| 35:27 | wisimax · first_building Castle |
| 35:42 | spideramos · first_building Stable |
| 35:53 | spideramos · first_building Archery Range |
| 36:09 | Jaereg · wall_segment Stone Wall x7 |
| 36:10 | SeventhDrip9 · wall_segment Stone Wall x22 |
| 36:22 | Jaereg · first_building Archery Range |
| 37:30 | Jaereg · first_building Stable |
| 37:35 | SeventhDrip9 · first_building Stable |
| 37:55 | Lord_Tarritou · wall_segment Stone Wall x15 |
| 38:52 | Jaereg · wall_segment Stone Wall x4 |
| 41:18 | Jaereg · wall_segment Stone Wall x5 |
| 46:19 | spideramos · wall_segment Stone Wall x4 |
| 46:21 | spideramos · wall_segment Stone Wall x4 |
| 47:09 | Jaereg · first_building Castle |
| 47:25 | Jaereg · wall_segment Stone Wall x1 |
| 48:14 | SkilzDatKilz845 · wall_segment Stone Wall x7 |
| 50:20 | Jaereg · wall_segment Stone Wall x17 |
| 54:58 | Jaereg · tribute_sent a jugador 1 |
| 54:58 | Jaereg · tribute_sent a jugador 2 |
| 54:58 | Jaereg · tribute_sent a jugador 3 |
| 54:58 | Jaereg · tribute_sent a jugador 4 |
| 54:58 | Jaereg · tribute_sent a jugador 5 |
| 54:58 | Jaereg · tribute_sent a jugador 7 |
| 54:58 | Jaereg · tribute_sent a jugador 8 |
| 63:19 | wisimax · first_building Siege Workshop |
| 66:22 | Jaereg · wall_segment Stone Wall x28 |
| 66:24 | Jaereg · wall_segment Stone Wall x13 |
| 66:27 | Jaereg · wall_segment Stone Wall x15 |
| 67:25 | Jaereg · wall_segment Stone Wall x15 |
| 68:32 | Jaereg · wall_segment Stone Wall x10 |
| 69:28 | spideramos · tribute_sent a jugador 1 |
| 69:28 | spideramos · tribute_sent a jugador 3 |
| 69:28 | spideramos · tribute_sent a jugador 4 |
| 69:28 | spideramos · tribute_sent a jugador 5 |
| 69:28 | spideramos · tribute_sent a jugador 6 |
| 69:28 | spideramos · tribute_sent a jugador 7 |
| 69:28 | spideramos · tribute_sent a jugador 8 |
| 72:52 | Ericko04 · first_building Stable |
[ AI ANALYSIS · 1 CREDIT ]
What really happened in this match?
Wolo.gg analyzes every decision: build order, eco, micro, common mistakes by bracket. Personalized analysis on WhatsApp or Discord in 30 seconds.
Civ guide
Vietnamese
Perfil
Jugador #22894223